 Dungeon Crawl Stone Soup version 0.24.0-13-gcf9b319 (webtiles) character file.

Game seed: 2726970901450169125, levelgen mode: deterministic

217 Bionic the Poker (level 5, 0/30 HPs)
             Began as a Gargoyle Gladiator on Nov 18, 2019.
             Was a Follower of Ru.
             Slain by an ogre
             ... wielding a +0 giant club
              (14 damage)
             ... while paralysed by Grinder
             ... on level 4 of the Dungeon.
             The game lasted 00:13:00 (2896 turns).

Bionic the Poker (Gargoyle Gladiator)               Turns: 2896, Time: 00:13:00

Health: 0/30       AC: 19    Str: 18    XL:     5   Next: 94%
Magic:  5/5        EV:  2    Int:  9    God:    Ru [*.....]
Gold:   197        SH:  0    Dex: 16    Spells: 4/4 levels left

rFire    . . .     SeeInvis .   a - +0 trident
rCold    + . .     Gourm    .   (no shield)
rNeg     + . .     Faith    .   r - +1 chain mail {rC+}
rPois    ∞         Spirit   .   c - +0 helmet
rElec    +         Reflect  .   l - +0 cloak
rCorr    .         Harm     .   z - +2 pair of gloves
MR       .....                  p - +0 pair of boots
Stlth    ..........             (no amulet)
HPRegen  0.10/turn              B - +5 ring of dexterity
MPRegen  0.09/turn              C - ring of wizardry {Wiz+, !d}

@: paralysed
A: negative energy resistance 1, electricity resistance, unbreathing,
petrification resistance, rot immunity, hated by all, AC +4
a: Renounce Religion


You were on level 4 of the Dungeon.
You worshipped Ru.
Ru was aware of your devotion.
You were not hungry.

You visited 1 branch of the dungeon, and saw 4 of its levels.

You collected 197 gold pieces.

Inventory:

Hand Weapons
 a - a +0 trident (weapon)
Missiles
 d - 3 throwing nets {=f, !d}
 e - 61 stones (quivered)
Armour
 c - a +0 helmet (worn)
 i - a +0 ring mail
   (You found it on level 1 of the Dungeon)
 l - a +0 cloak (worn)
   (You found it on level 1 of the Dungeon)
 p - a +0 pair of boots (worn)
   (You found it on level 1 of the Dungeon)
 r - a +1 chain mail of cold resistance (worn)
   (You took it off Terence on level 2 of the Dungeon)
 z - a +2 pair of gloves (worn)
   (You found it on level 3 of the Dungeon)
Jewellery
 B - a +5 ring of dexterity (left hand)
   (You found it on level 3 of the Dungeon)
 C - a ring of wizardry (right hand) {Wiz+, !d}
   (You found it on level 3 of the Dungeon)
Wands
 s - a wand of disintegration (12)
   (You found it on level 2 of the Dungeon)
 y - a wand of random effects (12)
   (You found it on level 3 of the Dungeon)
Scrolls
 h - 2 scrolls of random uselessness
 u - 2 scrolls of remove curse
 v - a scroll of noise {!r}
Potions
 j - a potion of curing {unknown}
 n - 4 potions of heal wounds {unknown}
 q - a potion of resistance {unknown}
 t - 2 potions of degeneration {unknown}
 w - a potion of flight {unknown}
 x - 2 potions of mutation {!q}
 A - 2 potions of lignification {unknown}
Comestibles
 f - 5 rations
 g - a chunk of flesh {@w0}


   Skills:
 - Level 2.1 Fighting
 * Level 5.8 Polearms
 - Level 1.7 Throwing
 - Level 2.4 Dodging


You had 4 spell levels left.
You didn't know any spells.
Your spell library was empty.

Dungeon Overview and Level Annotations

Branches:
Dungeon (4/15)
 Temple: D:4-7

Altars:
Cheibriados
Ru

Annotations:
D:4 Grinder


Innate Abilities, Weirdness & Mutations

You are resistant to torment.
Your stone body is resilient. (AC +4)
You are immune to poison.
You resist negative energy. (rN+)
You are resistant to electric shocks. (rElec)
You can survive without breathing.
You are immune to petrification.
You are immune to rotting.
You are hated by all.


Message History

The hobgoblin shouts!
Attack whom?
Aim: a hobgoblin, wielding a +0 club You reach to attack!
You barely miss the hobgoblin. You hit the hobgoblin but do no damage.
The hobgoblin hits you but does no damage.
You puncture the hobgoblin!
You kill the hobgoblin!
No target in view!
You see here a +0 club.
A rat comes into view.
Throwing (i - inventory)
e - 61 stones (quivered)
Aim: a rat You throw a stone.
The stone completely misses the rat.
Attack whom?
Aim: a rat You reach to attack!
You hit the rat.
You kill the rat!
No target in view!
You see here a rat corpse.
You butcher the rat corpse.
g - 2 chunks of flesh {@w0} (gained 1)
You see here a rat skeleton.
e - 61 stones (gained 1) Setting a skill training target for Polearms at 14.0.
Done exploring.
Some of the chunks of flesh in your inventory have rotted away.
There is a stone staircase leading down here.
You climb downwards.
You hear the sound of rushing water.
There is an entrance to a sewer on this level.
Hurry and find it before the portal rusts away!
There is a stone staircase leading up here.
As you read the scroll labeled KUKHESHR HANLUA, it crumbles to dust.
You feel as if something is helping you.
It was a scroll of remove curse.
As you read the scroll labeled MOMAOLIVUS, it crumbles to dust.
You smell tea.
It was a scroll of random uselessness.
As you read the scroll labeled DASIVON GEVU, it crumbles to dust.
It is a scroll of identify.
x - 2 potions of mutation
As you read the scroll labeled NAXUIG OCVYU, it crumbles to dust.
It is a scroll of amnesia.
You feel forgetful for a moment.
As you read the scroll labeled SEAPHENAULL, it crumbles to dust.
You hear a loud clanging noise!
It was a scroll of noise.
You hear a shout! x3; You hear a bark!
You hear a shout!
You hear a bark! x2
You hear a howl!
You hear an angry hiss.
You hear a shout!
As you read the scroll labeled VIESTR TAGGESU, it crumbles to dust.
The air around you briefly surges with heat, but it dissipates.
It was a scroll of immolation.
As you read the scroll labeled XAWAUT CYHO, it crumbles to dust.
You feel aware of your surroundings.
You sensed 1 altar, and 1 shop/portal.
It was a scroll of magic mapping.
A worker ant comes into view.
An orc comes into view. It is wielding a +0 dagger.
As you read the scroll labeled YQOSHR WAER, it crumbles to dust.
The scroll dissolves into smoke.
It was a scroll of fog.
An orc comes into view.
It is wielding a +0 club and wearing a +0 leather armour of cold resistance.
The orc shouts!
A jackal comes into view. x2
The jackal moves out of view.
An orc comes into view. It is wielding a +0 short sword.
The orc shouts!
The worker ant twitches its antennae in your direction.
An orc comes into view. It is wielding a +0 club.
The worker ant bites you but does no damage.
The jackal barks! x2; You hear a shout!
The orc throws a boomerang.
The boomerang hits you but does no damage.
The weapon returns to the orc!
You hear an angry hiss.
Found a stone staircase leading down.
The worker ant bites you but does no damage.
The jackal bites you but does no damage.
The jackal bites you but does no damage.
The worker ant barely misses you.
An ogre comes into view. It is wielding a +0 giant club.
The jackal bites you but does no damage. x2
The jackal bites you but does no damage.
The worker ant waves its antennae.
The jackal stops to sniff the ground.
The jackal completely misses you.
The jackal bites you but does no damage.
The jackal bites you but does no damage. x2
Grinder comes into view.
Grinder shouts!
The ogre hits you but does no damage. Grinder gestures at you.
You suddenly lose the ability to move!
The jackal bites you but does no damage.
An orc comes into view.
The ogre hits you with a +0 giant club!
Ouch! That really hurt!
The jackal bites you but does no damage.
The orc shouts!
The jackal barely misses you.
The jackal bites you but does no damage. x2
The ogre hits you with a +0 giant club!
You die...

*≈≈*≈,≈*≈≈#....**##.....###..
*≈≈*≈∩≈*≈≈#....# #..........#
*≈≈*≈,≈*≈≈#....###..........#
*≈≈*≈≈≈*≈,#5...##.o..........
*,≈*≈≈≈#≈,*#......#.........$
*,≈,,,*#≈≈*#...o..o..........
**,,,**#≈≈≈#.a.o.####....>...
*******#..#.O...# #........
*,* *#..@ho..# ######### *,*
###.h...#
*,*****#######***********
*,,,,,,,,,,,,,,,,,,,,,,,,
*************************


You could see Grinder, an ogre, a worker ant, 5 orcs and 2 jackals.

Vanquished Creatures
  A hound (D:2)
  Terence (D:2)
  3 gnolls (D:2)
  3 adders
  An ooze (D:1)
  5 worms
  5 dart slugs
  An orc (D:3)
  A ball python (D:2)
  8 bats
  9 giant cockroaches
  6 goblins
  8 hobgoblins
  A jackal (D:1)
  5 frilled lizards
  8 kobolds
  13 rats
79 creatures vanquished.

Notes
Turn   | Place    | Note
-------+----------+-------------------------------------------
     0 | D:1      | Bionic the Gargoyle Gladiator began the quest for the Orb.
     0 | D:1      | Reached XP level 1. HP: 12/12 MP: 1/1
     1 | D:1      | Found a runed translucent door.
    22 | D:1      | Reached skill level 3 in Polearms
    36 | D:1      | Reached XP level 2. HP: 14/17 MP: 2/2
   464 | D:1      | Reached XP level 3. HP: 21/21 MP: 3/3
   852 | D:1      | Reached skill level 4 in Polearms
   932 | D:2      | Reached XP level 4. HP: 12/26 MP: 4/4
  1134 | D:2      | Found a sacrificial altar of Ru.
  1142 | D:2      | Became a worshipper of Ru the Awakened
  1321 | D:2      | Noticed Terence
  1344 | D:2      | Killed Terence
  1403 | D:2      | Reached skill level 5 in Polearms
  1403 | D:2      | Reached XP level 5. HP: 29/30 MP: 5/5
  2614 | D:3      | Gained mutation: You are hated by all. [Ru sacrifice]
  2614 | D:3      | Reached * piety under Ru
  2679 | D:3      | Found a snail-covered altar of Cheibriados.
  2883 | D:4      | Noticed an ogre
  2893 | D:4      | Noticed Grinder
  2894 | D:4      | Paralysed by Grinder for 5 turns
  2896 | D:4      | Slain by an ogre

Levels and vault maps discovered:
D:1:      dpeg_arrival_caged_fury, layout_rooms
D:2:      layout_loops_ring, lemuel_round_altar, uniq_terence
D:3:      layout_basic, nicolae_overflow_crystal_walls
D:4:      layout_rooms, kennysheep_mini_moat, gup_sewer_entry_pipe,
          serial_bayou, serial_bayou_pond_d, serial_bayou_crossing,
          serial_bayou_pond_b, serial_bayou_pond_b, uniq_grinder

Skill      XL: |  1  2  3  4 |
---------------+-------------+-----
Polearms       | 3 4 5 |  5.8
Fighting       | |  2.1
Throwing       | |  1.7
Dodging        | |  2.4

Action                   |  1- 3 |  4- 6 || total
-------------------------+-------+-------++-------
Melee: Trident           |   154 |   202 ||   356
Throw: Stone             |     7 |    32 ||    39
Invok: Sacrifice Love    |       |     1 ||     1
  Use: Scroll            |       |     8 ||     8
  Eat: Chunk             |       |     7 ||     7
Armor: Leather armour    |     2 |       ||     2
       Ring mail         |    59 |    11 ||    70
       Chain mail        |       |    97 ||    97
Dodge: Dodged            |    73 |    70 ||   143

Levels and vault maps discovered:
D:1:      dpeg_arrival_caged_fury, layout_rooms
D:2:      layout_loops_ring, lemuel_round_altar, uniq_terence
D:3:      layout_basic, nicolae_overflow_crystal_walls
D:4:      layout_rooms, kennysheep_mini_moat, gup_sewer_entry_pipe,
          serial_bayou, serial_bayou_pond_d, serial_bayou_crossing,
          serial_bayou_pond_b, serial_bayou_pond_b, uniq_grinder

Table legend:
 A = Turns spent in this place as a percentage of turns spent in the entire game.
 B = Non-inter-level travel turns spent in this place as a percentage of non-inter-level travel turns spent in the entire game.
 C = Inter-level travel turns spent in this place as a percentage of turns spent in this place.
 D = Turns resting spent in this place as a percentage of non-inter-level travel turns spent in this place.
 E = Turns spent auto-exploring this place as a percentage of non-inter-level travel turns spent in this place.
 F = Non-inter-level travel turns spent in this place divided by the number of levels of this place that you've seen.
                   A       B       C       D       E      F
               +-------+-------+-------+-------+-------+----------------------
         Total | 100.0 | 100.0 |   2.0 |  10.4 |  55.5 | 709.2
       Dungeon | 100.0 | 100.0 |   2.0 |  10.4 |  55.5 | 709.2
               +-------+-------+-------+-------+-------+----------------------

Table legend:
 A = Kills in this place as a percentage of kills in entire the game.
 B = Kills by you in this place as a percentage of kills by you in the entire game.
 C = Kills by friends in this place as a percentage of kills by friends in the entire game.
 D = Other kills in this place as a percentage of other kills in the entire game.
 E = Experience gained in this place as a percentage of experience gained in the entire game.
 F = Experience gained in this place divided by the number of levels of this place that you have seen.
                   A       B       C       D       E      F
               +-------+-------+-------+-------+-------+----------------------
         Total | 100.0 | 100.0 |   N/A |   N/A | 100.0 |  77.8
       Dungeon | 100.0 | 100.0 |   N/A |   N/A | 100.0 |  77.8
               +-------+-------+-------+-------+-------+----------------------
